 Dungeon Crawl Stone Soup version 0.31.0-32-g396128a36d (webtiles) character file.

Game seed: 1814134288744969130

3346 DeathMagnet the Mimic (level 9, -17/71 HPs)
             Began as a Yellow Draconian Necromancer on Apr 6, 2024.
             Was a Follower of Kikubaaqudgha.
             Killed from afar by a gargoyle (19 damage)
             ... with a stone arrow
             ... on level 7 of the Dungeon.
             The game lasted 00:17:44 (9869 turns).

DeathMagnet the Mimic (DrNe)                        Turns: 9869, Time: 00:17:45

Health: -17/71     AC: 11    Str: 11    XL:     9   Next: 72%
Magic:  12/12      EV: 16    Int: 25    God:    Kikubaaqudgha [*.....]
Gold:   396        SH:  0    Dex: 12    Spells: 7/12 levels left

rFire   . .          .
                       - Unarmed
rCold   . . .        (shield currently unavailable)
rNeg    . . .        (body armour unavailable)
rPois   .            (helmet restricted)
rElec   .            A - +0 cloak
rCorr   +            t - +0 pair of gloves
SInv    .            E - +1 pair of boots
Will    .....        (no amulet)
Stlth   +            Z - ring of wizardry
HPRegen 0.31/turn    I - +6 ring of intelligence
MPRegen 0.13/turn

%: wizardry (x1)
@: flux-form, glowing
A: glow, contaminating, spit acid, AC +7, unfitting armour, cold-blooded, acid
resistance
a: Breathe Acid, Begin Untransformation, Renounce Religion, Unearth Wretches


You were on level 7 of the Dungeon.
You worshipped Kikubaaqudgha.
Kikubaaqudgha was aware of your devotion.
You were something dangerously unstable.
You visited 2 branches of the dungeon, and saw 8 of its levels.

You collected 396 gold pieces.


Innate Abilities, Weirdness & Mutations

You are something dangerously unstable.
You glow with magical radiation, making you easy to see and hit.
Foes you strike become dangerously contaminated with magical radiation.
You are incapable of wielding weapons or throwing items.
You can spit globs of acid.
Your golden yellow scales are hard. (AC +7)
You cannot fit into any form of body armour.
You are cold-blooded and may be slowed by cold attacks.
You are resistant to acid. (rCorr)


   Skills:
 - Level 4.0 Fighting
 - Level 1.7 Dodging
 - Level 1.7 Stealth
 - Level 6.0 Unarmed Combat
 - Level 2.0 Spellcasting
 - Level 8.0 Necromancy
 + Level 8.8 Shapeshifting


You had 7 spell levels left.
You knew the following spells:

 Your Spells              Type           Power      Damage    Failure   Level
a - Animate Dead          Necr           42%        N/A       1%          4
X - Necrotise             Necr           100%       1d9       1%          1

Your spell library contained the following spells:

 Spells                   Type           Power      Damage    Failure   Level
 Kiss of Death            Conj/Necr      88%        2d12      1%          1
 Sublimation of Blood     Necr           42%        N/A       1%          2
 Fugue of the Fallen      Necr           42%        N/A       1%          3
 Vampiric Draining        Necr           42%        2d9       1%          3
 Dispel Undead            Necr           42%        3d17      1%          4
 Cigotuvi's Dreadful Rot  Necr/Alch/Air  30%        N/A       2%          2
 Sting                    Conj/Alch      8%         1d3       4%          1
 Curse of Agony           Necr           42%        N/A       4%          5
 Blink                    Tloc           4%         N/A       7%          2
 Lesser Beckoning         Tloc           4%         N/A       7%          2
 Mercury Vapours          Alch/Air       4%         N/A       7%          2
 Momentum Strike          Conj/Tloc      4%         3d8       7%          2
 Confusing Touch          Hex            2%         N/A       13%         3
 Dazzling Flash           Conj/Hex       4%         N/A       13%         3
 Mephitic Cloud           Conj/Alch/Air  2%         N/A       13%         3
 Olgreb's Toxic Radiance  Alch           2%         N/A       38%         4
 Silence                  Hex/Air        1%         N/A       73%         5

Inventory:

Missiles
 m - 29 poisoned darts (quivered)
 o - a throwing net {=f}
Armour
 t - a +0 pair of gloves (worn)
 A - a +0 cloak (worn)
 E - a +1 pair of boots (worn)
Jewellery
 I - a +6 ring of intelligence (right hand)
 Z - a ring of wizardry (left hand)
Talismans
 k - a flux talisman (active)
 s - a dragon-blood talisman
 x - the serpent talisman of Failure {rC+ Will+}
   (You found it on level 4 of the Dungeon)

   [serpent talisman]

   rC+:       It protects you from cold.
   Will+:     It increases your willpower.
Scrolls
 b - a scroll of fog {unknown}
 h - 7 scrolls of identify {unknown}
 i - 2 scrolls of amnesia {unknown}
 j - a scroll of poison {unknown}
 q - 2 scrolls of teleportation {@r2}
 r - a scroll of fear {unknown}
 u - a scroll of brand weapon {unknown}
 v - 4 scrolls of immolation {unknown}
 w - 3 scrolls of enchant weapon {unknown}
 y - a scroll of noise {unknown}
 B - a scroll of revelation {unknown}
 D - a scroll of torment {unknown}
Potions
 a - a potion of magic
 d - a potion of attraction {unknown}
 f - 2 potions of brilliance {unknown}
 g - 3 potions of lignification {unknown}
 l - 3 potions of curing {unknown}
 n - 4 potions of haste {unknown}
 p - a potion of enlightenment {unknown}
 z - a potion of mutation {unknown}
 C - a potion of degeneration {unknown}

Dungeon Overview and Level Annotations

Branches:
Dungeon (7/15)             Temple (1/1) D:6

Altars:
Ashenzari
Cheibriados
Dithmenos
Elyvilon
Fedhas
Kikubaaqudgha
Makhleb
Nemelex Xobeh
Okawaru
Ru
Sif Muna
Trog
Wu Jian
Yredelemnul
Zin
The Shining One

Annotations:
D:3 1 runed translucent door, Fractals's ghost, amateur TeCj
D:6 2 transporters, flammie80's ghost, weakling FoMo

......# #####.# .8.▒
###.#.#### ▒...▒
....#....▒▒▒▒▒...▒▒▒▒
.........▒..........
.#.......▒.⚑...▒..§
.#......)▒ ..§§§§§
....#'##.▒▒▒ ▒§§9▒
#####.#..#.# ▒§Zp▒
...........# ▒§§§▒
......#....# ▒§§§▒
......#....# ▒§§§▒
#####.#....##▒§§§▒
.....[#.....▒▒§§§▒▒
....>).<..#Z▒§§§§.▒
.#..[##.#.#.......#
........#.#.####.##


You could see a gargoyle (contam, ally target) and a friendly kobold brigand
zombie.


Message History

You feel much better.
The gargoyle hits you with a +4 quarterstaff.
You hit the gargoyle but do no damage.
The gargoyle begins to glow.
The gargoyle hurls a stone arrow at you.
The stone arrow hits you!
Unknown command.
You hit the gargoyle.
The gargoyle glows dangerously bright.
The gargoyle is lightly damaged.
The gargoyle hits you with a +4 quarterstaff!
* * * LOW HITPOINT WARNING * * *
Your kobold brigand zombie barely misses the gargoyle.
You hit the gargoyle but do no damage.
The gargoyle shudders as magic cascades through it!
You tail-slap the gargoyle, but do no damage.
The gargoyle is moderately damaged.
The gargoyle hurls a stone arrow at you.
The stone arrow hits you!
* * * LOW HITPOINT WARNING * * *
You barely miss the gargoyle.
The gargoyle is moderately damaged.
Your kobold brigand zombie closely misses the gargoyle.
The gargoyle hits you with a +4 quarterstaff!!
* * * LOW HITPOINT WARNING * * *
You hit the gargoyle but do no damage.
The gargoyle begins to glow.
The gargoyle is moderately damaged.
Your kobold brigand zombie hits the gargoyle but does no damage.
The gargoyle hurls a stone arrow at you.
The stone arrow hits you!!
You die...
Kikubaaqudgha rasps: "You have failed me!
Welcome... death!"

Skill      XL: |  1  2  3  4  5  6  7  8  9 |
---------------+----------------------------+-----
Fighting       | 1 2 3 4 |  4.0
Unarmed Combat | 2 3 5 6 |  6.0
Necromancy     | 5 6 7 8 |  8.0
Shapeshifting  | 1 4 7 8 |  8.8
Dodging        | |  1.7
Stealth        | |  1.7
Spellcasting   | |  2.0

Action                     |  1- 3 |  4- 6 |  7- 9 || total
---------------------------+-------+-------+-------++-------
  Melee: Unarmed           |   235 |   147 |   426 ||   808
         Tailslap          |    29 |    11 |    80 ||   120
         Punch             |     3 |     3 |     7 ||    13
  Throw: Dart              |    12 |    19 |    15 ||    46
   Cast: Necrotise         |     5 |     1 |       ||     6
         Animate Dead      |       |     3 |     9 ||    12
Ability: Breathe Acid      |       |       |     4 ||     4
    Use: Scroll            |       |       |     1 ||     1
         Potion            |       |       |     3 ||     3
   Stab: Sleeping          |     3 |     2 |       ||     5
 Armour: Skin              |   121 |    84 |   202 ||   407
  Dodge: Dodged            |   127 |    79 |   290 ||   496
   Form: Beast             |       |     1 |       ||     1
         Flux              |       |       |     1 ||     1

Levels and vault maps discovered:
D:1:      lemuel_arrival_broad_hall, layout_basic,
          hellmonk_ecumenical_altar_lost_god, minmay_misc_feat_x
D:2:      minmay_razor_zed, layout_loops_ring, uniq_robin
D:3:      layout_loops_ring, nicolae_dithmenos_the_darkroom,
          nicolae_overflow_hidden_temple, hellmonk_ghost_happy_afterlife,
          bh_walls_and_bars, uniq_terence
D:4:      layout_basic, grunt_ministairs_4, hangedman_abyss_or_decor_slice
D:5:      layout_basic, cheibriados_altar_1, elyvilon_altar_5,
          kennysheep_generic_room_5
D:6:      layout_basic, minmay_temple_entry_from_below_a,
          gammafunk_ghost_stat_death, chequers_serial_rivers_marsh
D:7:      kennysheep_kobold_camp, layout_basic, marbit_many_paths,
          beargit_hepliaklqana_dungeon_heroes
Temple:   jpeg_temple_alley_garden

Notes
Turn   | Place    | Note
-------+----------+-------------------------------------------
     0 | D:1      | DeathMagnet the Draconian Necromancer began the quest for
                  | the Orb.
     0 | D:1      | Reached XP level 1. HP: 14/14 MP: 3/3
   119 | D:1      | Reached skill level 1 in Fighting
   187 | D:1      | Found a faded altar of an unknown god.
   393 | D:1      | Identified a +2 robe of resistance
   458 | D:1      | Reached XP level 2. HP: 24/24 MP: 5/5
   667 | D:2      | Reached skill level 2 in Fighting
  1423 | D:2      | Reached XP level 3. HP: 28/29 MP: 6/6
  1566 | D:2      | Reached skill level 1 in Unarmed Combat
  1675 | D:2      | Noticed Robin
  1702 | D:2      | Killed Robin
  2226 | D:3      | Reached skill level 2 in Unarmed Combat
  2226 | D:3      | Reached skill level 5 in Necromancy
  2226 | D:3      | Reached XP level 4. HP: 36/36 MP: 7/7
  2368 | D:3      | Noticed Terence
  2382 | D:3      | Killed Terence
  2484 | D:3      | Found a runed translucent door.
  2484 | D:3      | Noticed Fractals's ghost (amateur TeCj)
  2521 | D:3      | Found a shadowy altar of Dithmenos.
  2546 | D:3      | Learned a level 4 spell: Animate Dead
  2717 | D:3      | Found a basalt altar of Yredelemnul.
  2719 | D:3      | Found a sacrificial altar of Ru.
  2979 | D:3      | Reached XP level 5. HP: 30/41 MP: 6/8
  3195 | D:4      | Identified the serpent talisman of Failure {rC+ Will+}
  3398 | D:4      | Reached skill level 6 in Necromancy
  3625 | D:4      | Reached XP level 6. HP: 39/48 MP: 9/9
  3794 | D:4      | Reached skill level 7 in Necromancy
  3891 | D:4      | Noticed a yak
  3891 | D:4      | Noticed a yak
  3891 | D:4      | Noticed a yak
  3891 | D:4      | Noticed a yak
  3891 | D:4      | Noticed a yak
  3965 | D:4      | Killed a yak
  3966 | D:4      | Reached skill level 3 in Unarmed Combat
  3966 | D:4      | Reached skill level 1 in Shapeshifting
  4170 | D:4      | Your scales start taking on a golden yellow colour.
  4170 | D:4      | Reached XP level 7. HP: 55/55 MP: 5/10
  4170 | D:4      | Gained mutation: You are resistant to acid. (rCorr) [Yellow
                  | Draconian growth]
  4178 | D:4      | Reached skill level 2 in Shapeshifting
  4813 | D:4      | Killed a yak
  4814 | D:4      | Reached skill level 4 in Unarmed Combat
  4814 | D:4      | Reached skill level 3 in Shapeshifting
  4823 | D:4      | Killed a yak
  5272 | D:5      | Entered Level 5 of the Dungeon
  5346 | D:5      | Reached skill level 5 in Unarmed Combat
  5346 | D:5      | Reached skill level 4 in Shapeshifting
  5346 | D:5      | Reached XP level 8. HP: 57/61 MP: 11/11
  5425 | D:5      | Reached skill level 5 in Shapeshifting
  5938 | D:5      | Found a snail-covered altar of Cheibriados.
  5940 | D:5      | Reached skill level 6 in Shapeshifting
  6037 | D:5      | HP: 6/61 [burnt (5)]
  6229 | D:5      | Found a white marble altar of Elyvilon.
  6669 | D:5      | Reached skill level 7 in Shapeshifting
  7192 | D:6      | Found a transporter.
  7198 | D:6      | Noticed flammie80's ghost (weakling FoMo)
  7226 | D:6      | Reached skill level 3 in Fighting
  7226 | D:6      | Reached XP level 9. HP: 60/69 MP: 12/12
  7300 | D:6      | Found a staircase to the Ecumenical Temple.
  7552 | D:6      | Found a transporter.
  7844 | D:7      | Reached skill level 4 in Fighting
  7844 | D:7      | Reached skill level 6 in Unarmed Combat
  8095 | D:4      | Reached skill level 8 in Necromancy
  9166 | D:7      | Reached skill level 8 in Shapeshifting
  9215 | Temple   | Entered the Ecumenical Temple
  9257 | Temple   | Became a worshipper of Kikubaaqudgha
  9452 | D:7      | Reached * piety under Kikubaaqudgha
  9452 | D:7      | Received a gift from Kikubaaqudgha
  9728 | D:7      | Found a glowing golden altar of the Shining One.
  9859 | D:7      | Noticed a gargoyle
  9862 | D:7      | Found a faded altar of an unknown god.
  9868 | D:7      | HP: 2/71 [gargoyle/+4 quarterstaff (19)]
  9869 | D:7      | Killed from afar by a gargoyle

Vanquished Creatures
  4 yaks (D:4)
  An orc warrior (D:7)
  3 ogres
  A sky beast (D:7)
  An ice beast (D:5)
  A black bear (D:5)
  3 centaurs (D:6)
  A phantom (D:7)
  A bullfrog (D:7)
  2 kobold brigands (D:7)
  3 scorpions
  8 wights (D:7)
  3 bombardier beetles
  4 hounds
  2 orc priests
  A gnoll bouda (D:5)
  4 iguanas
  Terence (D:3)
  2 orc wizards
  Robin (D:2)
  22 gnolls
  7 adders
  2 ufetubi (D:5)
  A dart slug (D:2)
  4 ribbon worms (D:2)
  21 orcs
  7 ball pythons
  2 endoplasms
  A giant cockroach (D:2)
  12 goblins
  8 hobgoblins
  2 quokkas
  5 bats
  2 frilled lizards
  27 kobolds
  3 rats
173 creatures vanquished.

Vanquished Creatures (collateral kills)
  A yak (D:4)
  A hound (D:4)
  3 kobolds
5 creatures vanquished.

Vanquished Creatures (others)
  2 yak zombies (D:4)
  7 orc zombies
  2 gnoll zombies
  13 kobold zombies (D:7)
24 creatures vanquished.

Grand Total: 202 creatures vanquished

Table legend: (Time is in decaauts)
 A = Elapsed time spent in this place.
 B = Non-inter-level travel time spent in this place.
 C = Inter-level travel time spent in this place.
 D = Time resting spent in this place.
 E = Time spent auto-exploring this place.
 F = Levels seen in this place.
 G = Mean time per level.
                   A        B        C        D        E       F      G
               +--------+--------+--------+--------+--------+-----+--------+
         Total |   9827 |   9242 |    585 |   1892 |   5536 |   8 | 1228.4 |
       Dungeon |   9743 |   9240 |    503 |   1892 |   5536 |   7 | 1391.9 |
        Temple |     83 |      1 |     82 |      0 |      0 |   1 |   83.0 |
               +--------+--------+--------+--------+--------+-----+--------+

Top non-repeatable levels by time:
     D:4: 2934 daAuts
     D:5: 1636 daAuts
     D:2: 1569 daAuts
     D:3: 1256 daAuts
     D:7: 908 daAuts
     D:6: 808 daAuts
     D:1: 630 daAuts
  Temple: 83 daAuts

Table legend:
 A = Non-vault XP
 B = Vault XP
 C = Vault XP percentage of total XP
 D = Non-vault monster count
 E = Vault monster count
 F = Vault count percentage of total count
                 A         B        C        D         E       F
            +---------+---------+-------+---------+---------+-------
      Total |    4243 |     537 |  11.2 |     134 |      44 |  24.7
            +---------+---------+-------+---------+---------+-------
        D:1 |      12 |       0 |   0.0 |       8 |       0 |   0.0
        D:2 |      33 |      46 |  58.2 |      15 |      16 |  51.6
        D:3 |      75 |      36 |  32.4 |      13 |       1 |   7.1
        D:4 |    1496 |      43 |   2.8 |      27 |       2 |   6.9
        D:5 |     965 |     182 |  15.9 |      36 |       3 |   7.7
        D:6 |     481 |       0 |   0.0 |      10 |       0 |   0.0
        D:7 |    1181 |     230 |  16.3 |      25 |      22 |  46.8
            +---------+---------+-------+---------+---------+-------
